 Dungeon Crawl Stone Soup version 0.27-a0-1312-g5cdb2b3542 (webtiles) character file.

Game seed: 3431158656228990017

400 Conn the Firebug (level 6, -1/37 HPs)
             Began as an Octopode Fire Elementalist on June 19, 2021.
             Slain by an orc (3 damage)
             ... on level 4 of the Dungeon.
             The game lasted 00:07:51 (3647 turns).

Conn the Firebug (Octopode Fire Elementalist)       Turns: 3647, Time: 00:07:51

Health: -1/37      AC:  1    Str:  7    XL:     6   Next: 84%
Magic:  7/11       EV: 13    Int: 19    God:
Gold:   140        SH:  0    Dex: 13    Spells: 8/12 levels left

rFire    + . .     SeeInvis .   i - +1 dagger (flame)
rCold    + . .     Faith    .   (no shield)
rNeg     . . .     Spirit   .   (helmet restricted)
rPois    +         Reflect  .   (no amulet)
rElec    +         Harm     .   (no ring)
rCorr    +         Rampage  .   (no ring)
Will     .....                  (no ring)
Stlth    +++.......             (no ring)
HPRegen  0.12/turn              (no ring)
MPRegen  0.12/turn              (no ring)
                                (no ring)
                                (no ring)

@: resistant, hasted, very quick
A: almost no armour, amphibious, 8 rings, camouflage 1, gelatinous body 1,
(nimble swimmer 1), tentacles
a: no special abilities


You were on level 4 of the Dungeon.
You visited 1 branch of the dungeon, and saw 4 of its levels.

You collected 212 gold pieces.
You spent 72 gold pieces at shops.

Inventory:

Hand Weapons
 g - a +0 dagger
 i - a +1 dagger of flaming (weapon)
Missiles
 h - 30 poisoned darts
Wands
 o - a wand of paralysis (1)
Scrolls
 a - 5 scrolls of identify
 c - a scroll of teleportation
 d - a scroll of fear {unknown}
 e - a scroll of enchant armour {unknown}
 m - a scroll of noise {unknown}
 n - a scroll of fog {unknown}


   Skills:
 + Level 0.5 Fighting
 + Level 0.4 Short Blades
 + Level 2.8 Dodging
 + Level 3.8 Stealth
 + Level 3.5 Spellcasting
 + Level 3.4 Conjurations
 + Level 4.6 Fire Magic
 + Level 0.4 Evocations


You had 8 spell levels left.
You knew the following spells:

 Your Spells              Type           Power      Damage    Failure   Level
a - Foxfire               Conj/Fire      72%        2x1d7     2%          1
b - Conjure Flame         Conj/Fire      18%        6-21      9%          3

Your spell library contained the following spells:

 Spells                   Type           Power      Damage    Failure   Level
 Inner Flame              Hex/Fire       12%        N/A       17%         3
 Sticky Flame             Conj/Fire      18%        2d4       26%         4
 Fireball                 Conj/Fire      9%         3d6       58%         5


Dungeon Overview and Level Annotations

Branches:
Dungeon (4/15)
 Temple: D:4-7

Altars:
Gozag

Shops:
D:2 !


Innate Abilities, Weirdness & Mutations

You cannot wear most types of armour.
You are amphibious.
You can wear up to eight rings at the same time.
Your skin changes colour to match your surroundings (Stealth+).
Your rubbery body absorbs attacks. (AC +1, EV +1)
((You are camouflaged near water. (Stealth+)))
You have tentacles for arms and can constrict up to eight enemies at once.


Message History

The orc hits you but does no damage. The goblin barely misses you.
Unknown command.
You aren't carrying any potions.
As you read the scroll labelled VEIPO CUTT, it crumbles to dust.
You feel a surge of unholy energy.
The goblin convulses!
The orc convulses!
The orc priest convulses!
It was a scroll of torment.
The orc hits you with a +0 hand axe.
* * * LOW HITPOINT WARNING * * *
Okay, then.
Aiming: Paralyse
Press: ? - help, Shift-Dir - straight line, f - orc priest
Aim: an orc priest, wielding a +0 mace and wearing a +0 ring mail (heavily wounded, chance to affect: 47%)
The orc priest suddenly stops moving!
The orc hits you but does no damage. The goblin hits you with a +0 dagger.
* * * LOW HITPOINT WARNING * * *
The helpless orc priest fails to defend itself.
You puncture the orc priest! You burn the orc priest.
You kill the orc priest!
The orc hits you but does no damage. x2
The goblin hits you but does no damage.
You closely miss the orc.
The orc is almost dead.
The orc hits you with a +0 hand axe.
* * * LOW HITPOINT WARNING * * *
You barely miss the orc.
The orc is almost dead.
The orc hits you but does no damage. The goblin hits you but does no damage.
You closely miss the orc.
The orc is almost dead.
The orc hits you but does no damage. x2
The goblin hits you but does no damage.
You barely miss the orc.
The orc is almost dead.
You feel less wooden. The orc closely misses you.
You aren't carrying any potions.
You hit the orc. You burn the orc.
You kill the orc!
The orc hits you with a +0 dagger.
You die...

...#.. #..# ##.# .......#.##
#..# ##..# .......§...# #.##
#...# ........#...###.#
#.#.# ..o.....###.....##
###.#.# ......o.##....#..#
##...#.#
........##......####..###.#
.........†..o)g..>.....##.#
..§.....#..##@)........##.#
...[.....g.##..........##.#
....!..?.#..#..........##.#
........[#..#..........#..#
.......###..#.)........#..##
#.#.##.
#..#..............### ... ..
#.............†...... .. ...
###..).......÷.##.### . ....
...##..#####.##.#


You could see an orc and a goblin.

Vanquished Creatures
  An ogre (D:4)
  A scorpion (D:4)
  An orc priest (D:4)
  A hound (D:4)
  An orc wizard (D:4)
  3 gnolls (D:3)
  6 adders
  A dart slug (D:1)
  8 orcs
  6 ball pythons
  6 endoplasms
  A giant cockroach (D:1)
  9 goblins
  9 hobgoblins
  6 jackals
  2 quokkas
  3 bats
  4 frilled lizards
  6 kobolds
  A quokka skeleton (D:4)
  4 rats
80 creatures vanquished.

Vanquished Creatures (others)
  251 foxfires
251 creatures vanquished.

Grand Total: 331 creatures vanquished

Notes
Turn   | Place    | Note
-------+----------+-------------------------------------------
     0 | D:1      | Conn the Octopode Fire Elementalist began the quest for the
                  | Orb.
     0 | D:1      | Reached XP level 1. HP: 11/11 MP: 3/3
    87 | D:1      | Found a faded altar of an unknown god.
   197 | D:1      | Reached XP level 2. HP: 17/17 MP: 0/5
   722 | D:1      | Reached XP level 3. HP: 21/21 MP: 3/6
   726 | D:1      | Learned a level 3 spell: Conjure Flame
  1517 | D:2      | Reached XP level 4. HP: 27/27 MP: 3/7
  1870 | D:2      | Found Adghust's Distillery.
  1878 | D:2      | Bought a potion of lignification for 36 gold pieces
  1878 | D:2      | Bought a potion of curing for 36 gold pieces
  2293 | D:3      | Reached skill level 4 in Fire Magic
  2340 | D:3      | Reached XP level 5. HP: 31/31 MP: 3/9
  2958 | D:3      | Found an opulent altar of Gozag.
  3473 | D:4      | Noticed an ogre
  3488 | D:4      | Killed an ogre
  3489 | D:4      | Reached XP level 6. HP: 36/36 MP: 4/11
  3647 | D:4      | Slain by an orc

Illustrated notes

Levels and vault maps discovered:
D:1:      dpeg_arrival_tiny_j, layout_loops_ring,
          shapermc_ecumenical_altar_starsandcircs, minmay_misc_feat_enclosed,
          feat_on_display
D:2:      layout_basic, serial_shops, shop
D:3:      layout_loops_cross, nicolae_gozag_cash_rules_everything_around_me
D:4:      layout_rooms

Skill      XL: |  1  2  3  4  5 |
---------------+----------------+-----
Stealth        | 3 |  3.8
Conjurations   | 2 3 |  3.4
Fire Magic     | 4 |  4.6
Spellcasting   | 3 |  3.5
Fighting       | |  0.5
Short Blades   | |  0.4
Dodging        | |  2.8
Evocations     | |  0.4

Action                   |  1- 3 |  4- 6 || total
-------------------------+-------+-------++-------
Melee: Dagger            |       |    46 ||    46
       Constrict         |       |     6 ||     6
       Tentacles         |       |     4 ||     4
 Cast: Foxfire           |    62 |    88 ||   150
Evoke: Wand              |       |    10 ||    10
  Use: Scroll            |       |     3 ||     3
       Potion            |       |     4 ||     4
 Stab: Sleeping          |       |     1 ||     1
       Paralysed         |       |     3 ||     3
Armor: Skin              |       |    98 ||    98
Dodge: Dodged            |    17 |    44 ||    61

Table legend: (Time is in decaauts)
 A = Elapsed time spent in this place.
 B = Non-inter-level travel time spent in this place.
 C = Inter-level travel time spent in this place.
 D = Time resting spent in this place.
 E = Time spent auto-exploring this place.
 F = Levels seen in this place.
 G = Mean time per level.
                   A        B        C        D        E       F      G
               +--------+--------+--------+--------+--------+-----+--------+
         Total |   3631 |   3619 |     12 |    283 |   2486 |   4 |  907.8 |
       Dungeon |   3631 |   3619 |     12 |    283 |   2486 |   4 |  907.8 |
               +--------+--------+--------+--------+--------+-----+--------+

Top non-repeatable levels by time:
     D:1: 1176 daAuts
     D:3: 1118 daAuts
     D:2: 926 daAuts
     D:4: 410 daAuts
